 Dungeon Crawl Stone Soup version 0.20.0-15-g7f486f2 (webtiles) character file.

38 Chiseanne the Magician (level 3, 0/24 HPs)
             Began as a Demonspawn Wizard on June 15, 2017.
             Slain by a white imp (4 damage)
             ... summoned by Natasha
             ... on level 2 of the Dungeon.
             The game lasted 00:02:37 (1651 turns).

Chiseanne the Magician (Demonspawn Wizard)          Turns: 1651, Time: 00:02:37

Health: 0/24       AC:  2    Str:  7    XL:     3   Next: 25%
Magic:  1/8        EV: 17    Int: 20    God:
Gold:   90         SH:  0    Dex: 16    Spells: 6/9 levels left

rFire    . . .     SeeInvis .   s - +3 long sword
rCold    . . .     Gourm    .   (no shield)
rNeg     . . .     Faith    .   a - +0 robe
rPois    .         Spirit   .   b - +0 hat
rElec    .         Reflect  .   (no cloak)
rCorr    .         Harm     .   (no gloves)
MR       .....                  (no boots)
Stlth    +++.......             (no amulet)
Regen    0.1/turn               (no ring)
MPRegen  0.2/turn               (no ring)

@: agile, slowed, very slow
A: powered by pain 1
a: no special abilities


You were on level 2 of the Dungeon.
You were not hungry.

You visited 1 branch of the dungeon, and saw 2 of its levels.

You collected 90 gold pieces.

Inventory:

Hand Weapons
 s - a +3 long sword (weapon)
Missiles
 e - 8 needles of frenzy
 g - 76 stones (quivered)
 j - 23 sling bullets
 k - 16 arrows
Armour
 a - a +0 robe (worn)
 b - a +0 hat (worn)
Potions
 i - 2 potions of heal wounds {unknown}
 r - a potion of berserk rage {unknown}
Books
 c - a book of Minor Magic

   Spells                             Type                      Level
   a - Magic Dart                     Conjuration                  1
   b - Blink                          Translocation                2
   c - Call Imp                       Summoning                    2
   d - Slow                           Hexes                        2
   e - Conjure Flame                  Conjuration/Fire             3
   f - Mephitic Cloud                 Conjuration/Poison/Air       3
Comestibles
 d - 2 bread rations
 f - 3 chunks of flesh
 m - a royal jelly
 o - 3 fruits


   Skills:
 - Level 1.7 Dodging
 - Level 1.7 Stealth
 * Level 3.6 Spellcasting
 * Level 2.2 Conjurations
   Level 1.0 Summonings
 - Level 0.8 Translocations


You had 6 spell levels left.
You knew the following spells:

 Your Spells              Type           Power        Failure   Level  Hunger
a - Magic Dart            Conj           ##..         5%          1    None
b - Blink                 Tloc           N/A          14%         2    ##.....


Dungeon Overview and Level Annotations

Branches:
Dungeon (2/15)

Altars:

Annotations:
D:2 Natasha


Innate Abilities, Weirdness & Mutations

You sometimes gain a little power by taking damage.


Message History

Casting: Magic Dart
Confirm with . or Enter, or press ? or * to list all spells.
You blink.
The crimson imp blinks!
Natasha mumbles some strange words.
Okay, then.
The crimson imp blinks! x2
The crimson imp disappears in a puff of smoke!
Natasha casts a spell.
The white imp grins evilly.
The iron imp picks up a beetle and eats it.
The white imp gestures at you. The puff of frost hits you!
* * * LOW HITPOINT WARNING * * *
The iron imp summons a swarm of flies.
The iron imp closely misses you. Natasha closely misses you.
The iron imp closely misses you. The white imp hits you.
* * * LOW HITPOINT WARNING * * *
The white imp freezes you.
You die...

..#............................S
###......................##....>
###......................# .....
##.......................# ..?.
#.................†.....# ...
#.......................# ...
##................w.....#
#.....).......55.......#
#.............@h5......#
#...........############
#############


You could see a worm (inner flame), an iron imp, Natasha (inner flame) and 2
white imps.

Vanquished Creatures
  An adder (D:2)
  A leopard gecko (D:1)
  A ball python (D:2)
  2 giant cockroaches
  4 goblins (D:1)
  4 hobgoblins
  2 jackals (D:2)
  2 bats (D:1)
  4 frilled lizards
  3 kobolds
  2 rats (D:1)
26 creatures vanquished.

Notes
Turn   | Place    | Note
-------+----------+-------------------------------------------
     0 | D:1      | Chiseanne the Demonspawn Wizard began the quest for the Orb.
     0 | D:1      | Reached XP level 1. HP: 13/13 MP: 4/4
   506 | D:1      | Gained mutation: You sometimes gain a little power by taking damage. [demonic ancestry]
   506 | D:1      | Reached XP level 2. HP: 19/19 MP: 0/6
  1041 | D:1      | Learned a level 2 spell: Blink
  1114 | D:2      | Reached XP level 3. HP: 8/24 MP: 0/8
  1624 | D:2      | Noticed Natasha
  1651 | D:2      | Slain by a white imp

Skill      XL: |  1  2 |
---------------+-------+-----
Conjurations   | 2 |  2.2
Dodging        | |  1.7
Stealth        | |  1.7
Spellcasting   | |  3.6
Summonings     | |  1.0
Translocations | |  0.8

Action                   || total
-------------------------++-------
Melee: Short sword       ||    20
       Long sword        ||     1
 Cast: Magic Dart        ||    62
       Blink             ||     2
  Use: Potion            ||     1
       Scroll            ||     4
  Eat: Chunk             ||     2
Armor: Robe              ||     5
Dodge: Dodged            ||    33
       Rpst.: Long sword ||     1
